 Dungeon Crawl Stone Soup version 0.29.1-1-gd02db6906a (webtiles) character file.

Game seed: 5211920734191735727

2280 LustLizard the Slasher (level 9, -10/68 HPs)
             Began as a Human Gladiator on Oct 12, 2022.
             Was a Believer of Okawaru.
             Mangled by an orc warrior
             ... wielding a +0 halberd
              (14 damage)
             ... in a bailey.
             The game lasted 00:12:55 (5751 turns).

LustLizard the Slasher (Human Gladiator)            Turns: 5751, Time: 00:12:56

Health: -10/68     AC:  8    Str: 14    XL:     9   Next: 66%
Magic:  9/9        EV: 18    Int:  9    God:    Okawaru [**....]
Gold:   482        SH:  0    Dex: 19    Spells: 6/8 levels left

rFire   . . .      SeeInvis +   a - +0 long sword
rCold   . . .      Faith    .   (no shield)
rNeg    . . .      Spirit   .   n - +0 ring mail
rPois   .          Reflect  .   c - +0 helmet
rElec   .          Harm     .   (no cloak)
rCorr   .          Rampage  .   (no gloves)
Will    .....                   q - +0 pair of boots
Stlth   +.........              e - amulet of regeneration
HPRegen 1.01/turn               K - +4 ring of evasion
MPRegen 0.11/turn               h - ring of see invisible

@: no status effects
A: no striking features
a: Renounce Religion, Heroism


You were in a bailey.
You worshipped Okawaru.
Okawaru was pleased with you.
You visited 2 branches of the dungeon, and saw 8 of its levels.
You also visited: Ossuary and Bailey.

You collected 482 gold pieces.

Inventory:

Hand Weapons
 a - a +0 long sword (weapon)
Missiles
 d - a throwing net
 m - 16 stones
 v - 2 poisoned darts
 L - 5 boomerangs (quivered)
Armour
 b - a +0 leather armour
 c - a +0 helmet (worn)
 n - a +0 ring mail (worn)
 q - a +0 pair of boots (worn)
 B - the +1 chain mail "Rosmu" {rF++ rC+ Will+ Dex-3}
   (You found it on level 4 of the Dungeon)

   Dex:       It affects your dexterity (-3).
   rF:        It greatly protects you from fire.
   rC:        It protects you from cold.
   Will:      It increases your willpower.
Jewellery
 e - an amulet of regeneration (around neck)
 h - a ring of see invisible (right hand)
 k - an amulet of reflection
 K - a +4 ring of evasion (left hand)
Wands
 u - a wand of roots (3)
Scrolls
 g - 2 scrolls of magic mapping {unknown}
 r - a scroll of vulnerability {unknown}
 s - 2 scrolls of fear {unknown}
 w - a scroll of butterflies {unknown}
 x - 3 scrolls of teleportation {unknown}
 y - 2 scrolls of enchant armour {unknown}
 A - a scroll of enchant weapon
 C - a scroll of poison {unknown}
 D - a scroll of amnesia {unknown}
 J - a scroll of immolation {unknown}
 N - a scroll of summoning {unknown}
Potions
 f - 4 potions of curing
 i - 5 potions of mutation
 j - 3 potions of brilliance
 l - 4 potions of heal wounds
 o - 2 potions of might
 p - a potion of lignification
 t - a potion of resistance {unknown}
 z - a potion of flight {unknown}
 E - 3 potions of magic {unknown}
 F - a potion of berserk rage {unknown}
 G - a potion of degeneration {unknown}
 H - a potion of haste {unknown}
 I - 3 potions of invisibility {unknown}
 M - a potion of attraction {unknown}


   Skills:
 + Level 5.2 Fighting
 * Level 7.9 Long Blades
 - Level 4.0 Throwing
 + Level 4.7 Armour
 + Level 5.8 Dodging
 - Level 3.0 Translocations


You had 6 spell levels left.
You knew the following spells:

 Your Spells              Type           Power      Damage    Failure   Level
a - Blink                 Tloc           10%        N/A       34%         2

Your spell library contained the following spells:

 Spells                   Type           Power      Damage    Failure   Level
 Apportation              Tloc           10%        N/A       22%         1
 Lesser Beckoning         Tloc           5%         N/A       56%         3
 Sublimation of Blood     Necr           0%         N/A       75%         2
 Passage of Golubria      Tloc           5%         N/A       92%         4
 Confusing Touch          Hex            0%         N/A       93%         3
 Manifold Assault         Tloc           5%         N/A       99%         5
 Petrify                  Tmut/Erth      0%         N/A       100%        4
 Alistair's Intoxication  Tmut/Pois      0%         N/A       100%        5
 Irradiate                Conj/Tmut      0%         3d11      100%        5
 Yara's Violent Unravell  Hex/Tmut       0%         3d3       100%        5
 Enfeeble                 Hex            0%         N/A       100%        7
 Summon Small Mammal      Summ           Unusable   N/A       N/A         1
 Call Canine Familiar     Summ           Unusable   N/A       N/A         3
 Summon Guardian Golem    Hex/Summ       Unusable   N/A       N/A         3
 Tukima's Dance           Hex            Unusable   N/A       N/A         3

Dungeon Overview and Level Annotations

Branches:
Dungeon (7/15)             Temple (1/1) D:5         Ossuary (visited)
 Bailey (1/1)

Altars:
Ashenzari
Dithmenos
Kikubaaqudgha
Nemelex Xobeh
Okawaru
Qazlal
Ru
Sif Muna
Trog
Uskayaw
Xom
Yredelemnul
Zin
The Shining One

Annotations:
D:6 2 transporters, drewk1942's ghost, novice SpHu


Message History

Aiming: Fastroot
Press: ? - help, Q - select action, (/) - cycle Shift-Dir - straight line, f/p - orc warrior
Aim: an orc warrior, wielding a +0 halberd and wearing a +0 ring mail (lightly wounded, strong)
The roots erupt in riotous growth!
Roots grab the orc warrior.
The grasping roots constrict the orc warrior.
The orc warrior hits you from afar with a +0 halberd!
The grasping roots constrict the orc warrior!
The roots release their grip on the orc warrior.
Aiming: Fastroot
Press: ? - help, Q - select action, (/) - cycle Shift-Dir - straight line, f/p - orc warrior
Aim: an orc warrior, wielding a +0 halberd and wearing a +0 ring mail (severely wounded, strong)
The roots erupt in riotous growth!
Roots grab the orc warrior.
The grasping roots constrict the orc warrior.
The orc warrior barely misses you.
The grasping roots constrict the orc warrior.
The roots release their grip on the orc warrior.
The orc knight roars a battlecry!
Throw: 5 boomerangs
Press: ? - help, Q - select action, (/) - cycle Shift-Dir - straight line, f/p - orc warrior
Aim: an orc warrior, wielding a +0 halberd and wearing a +0 ring mail (almost dead, strong, 59% to hit)
You throw a boomerang.
The boomerang closely misses the orc warrior.
The orc warrior hits you from afar with a +0 halberd!!
The orc warrior hits you with a +0 halberd!
You barely miss the orc warrior.
The orc warrior is almost dead.
The orc knight closely misses you.
You barely miss the orc warrior.
The orc warrior is almost dead.
The orc warrior hits you with a +0 halberd!
* * * LOW HITPOINT WARNING * * *
The orc knight hits you from afar with a +0 halberd!
* * * LOW HITPOINT WARNING * * *
Unknown command.
The orc warrior attacks as you move away!
The orc warrior barely misses you.
The orc warrior hits you from afar with a +0 halberd!
You die...

#..)..#
#...o.#
##'''##
##..)..##
#.......#
#.....o.#
#..#.#..#
#))#8#.o#
#.).)@..#
##).)..##
###'###
#...#
#...#
#...#
#...#
###'###
##.....##


You could see an orc knight and an orc warrior (strong).

Vanquished Creatures
  Eustachio (D:6)
  2 water moccasins
  A sky beast (D:6)
  An orc warrior (Bailey)
  An ice beast (D:5)
  3 ogres
  3 centaurs
  A bullfrog (D:7)
  4 scorpions
  2 water moccasin zombies (Ossuary)
  2 howler monkeys
  6 hounds
  An orc priest (D:5)
  2 jellies
  Terence (D:2)
  3 iguanas
  Ijyb (D:3)
  2 mummies (Ossuary)
  8 adders
  A gnoll (D:1)
  A white imp (D:7)
  2 ufetubi (D:6)
  3 adder zombies (Ossuary)
  A worm (D:4)
  A dart slug (D:2)
  24 orcs
  14 ball pythons
  5 endoplasms
  6 giant cockroaches
  11 goblins
  6 hobgoblins
  3 jackals (D:1)
  4 quokkas
  3 bats
  2 frilled lizards
  7 gnoll zombies (Ossuary)
  5 hobgoblin zombies (Ossuary)
  2 kobolds
  6 kobold zombies (Ossuary)
  An orc zombie (Ossuary)
  8 rats
161 creatures vanquished.

Vanquished Creatures (others)
  3 plants (D:6)
3 creatures vanquished.

Grand Total: 164 creatures vanquished

Notes
Turn   | Place    | Note
-------+----------+-------------------------------------------
     0 | D:1      | LustLizard the Human Gladiator began the quest for the Orb.
     0 | D:1      | Reached XP level 1. HP: 16/16 MP: 1/1
    46 | D:1      | Found a faded altar of an unknown god.
   182 | D:1      | Reached XP level 2. HP: 22/22 MP: 2/2
   365 | D:1      | Reached XP level 3. HP: 27/27 MP: 3/3
   640 | D:1      | Reached skill level 1 in Armour
   995 | D:2      | Reached XP level 4. HP: 34/34 MP: 4/4
  1099 | D:2      | Noticed Terence
  1122 | D:2      | Killed Terence
  1123 | D:2      | Reached XP level 5. HP: 10/39 MP: 5/5
  1124 | D:2      | Reached skill level 4 in Long Blades
  1561 | D:3      | Learned a level 2 spell: Blink
  1701 | D:3      | Noticed Ijyb
  1713 | D:3      | Killed Ijyb
  1958 | D:3      | Reached skill level 1 in Translocations
  2359 | D:4      | Reached XP level 6. HP: 43/46 MP: 6/6
  2541 | D:4      | Identified the +1 chain mail "Rosmu" {rF++ rC+ Will+ Dex-3}
  2804 | D:4      | Found a sacrificial altar of Ru.
  3009 | D:5      | Entered Level 5 of the Dungeon
  3090 | D:5      | Noticed a water moccasin
  3109 | D:5      | Noticed an ice beast
  3111 | D:5      | Killed a water moccasin
  3112 | D:5      | Reached skill level 5 in Long Blades
  3112 | D:5      | Reached XP level 7. HP: 31/52 MP: 7/7
  3149 | D:5      | Found a sand-covered staircase.
  3154 | Ossuary  | Entered an ossuary
  3338 | Ossuary  | Reached XP level 8. HP: 33/58 MP: 8/8
  3705 | D:5      | Found a staircase to the Ecumenical Temple.
  3712 | Temple   | Entered the Ecumenical Temple
  3748 | Temple   | Became a worshipper of Warmaster Okawaru
  3847 | D:5      | Found a glowing silver altar of Zin.
  3861 | D:5      | Reached skill level 6 in Long Blades
  3892 | D:5      | Found a broken altar of Ashenzari.
  4341 | D:6      | Noticed Eustachio
  4522 | D:6      | Killed Eustachio
  4539 | D:6      | Reached skill level 5 in Dodging
  4568 | D:6      | Reached XP level 9. HP: 66/66 MP: 9/9
  4640 | D:6      | Reached * piety under Okawaru
  4649 | D:6      | Reached skill level 7 in Long Blades
  4847 | D:6      | Found an ancient bone altar of Kikubaaqudgha.
  4857 | D:6      | Found a shadowy altar of Dithmenos.
  4858 | D:6      | Found a bloodstained altar of Trog.
  4859 | D:6      | Found a stormy altar of Qazlal.
  4932 | D:6      | Identified the +3 buckler of Boredom {rElec}
  4980 | D:6      | Found a transporter.
  5005 | D:6      | Noticed drewk1942's ghost (novice SpHu)
  5039 | D:6      | Found a transporter.
  5053 | D:6      | Reached skill level 5 in Fighting
  5176 | D:6      | Found a sparkling altar of Nemelex Xobeh.
  5384 | D:7      | Found a flagged portal.
  5394 | D:7      | Reached ** piety under Okawaru
  5429 | Bailey   | Entered a bailey
  5528 | Bailey   | Noticed an orc knight
  5750 | Bailey   | HP: 3/68 [orc knight/+0 halberd (16)]
  5751 | Bailey   | Mangled by an orc warrior

Illustrated notes

Levels and vault maps discovered:
D:1:      wander_arrival_chamber, layout_loops_ring,
          shapermc_ecumenical_altar_starsandcircs
D:2:      layout_rooms, minmay_unequal, uniq_terence
D:3:      layout_basic, uniq_ijyb
D:4:      layout_loops_ring, nicolae_ru_path_of_blood
D:5:      layout_basic, mainiacjoe_overflow_two_lobes,
          minmay_temple_entry_wispy, enter_ossuary_5,
          chequers_serial_rivers_room_b
D:6:      layout_rooms, nemelex_diamond_rough_becter,
          chequers_temple_overflow_statue_of_worship,
          gammafunk_ghost_gnarly_gnolls, minmay_between, uniq_eustachio
D:7:      layout_loops_corners, lemuel_round_altar,
          mainiacjoe_overflow_alcove_1, enter_bailey_5, serial_shops,
          nicolae_square_shop
Temple:   compressed_dpeg_circular_temple
Bailey:   bailey_polearm_5, bailey

Skill      XL: |  1  2  3  4  5  6  7  8  9 |
---------------+----------------------------+-----
Armour         | 1 2 3 4 |  4.7
Long Blades    | 4 5 6 7 |  7.9
Translocations | 1 2 3 |  3.0
Throwing       | 3 4 |  4.0
Fighting       | 3 4 5 |  5.2
Dodging        | 4 5 |  5.8

Action                   |  1- 3 |  4- 6 |  7- 9 || total
-------------------------+-------+-------+-------++-------
Melee: Long sword        |    78 |   180 |   448 ||   706
       Punch             |     1 |     2 |     8 ||    11
Throw: Javelin           |     1 |       |       ||     1
       Dart              |       |     5 |    13 ||    18
       Throwing net      |       |     1 |     1 ||     2
       Stone             |       |       |    14 ||    14
       Boomerang         |       |       |     4 ||     4
Invok: Heroism           |       |       |     1 ||     1
Evoke: Wand              |       |       |     3 ||     3
  Use: Potion            |       |     1 |     4 ||     5
       Scroll            |       |       |     5 ||     5
 Stab: Sleeping          |     1 |       |       ||     1
       Held in net/web   |       |       |     1 ||     1
Armor: Leather armour    |    10 |       |       ||    10
       Ring mail         |    13 |    94 |   176 ||   283
Dodge: Dodged            |    49 |   121 |   392 ||   562
